Map: King of Braxis Station

Players

MrFercho - Winner!

  • Race: Zerg Zerg
  • Spawn Location: 5:00

tigro - Winner!

  • Race: Terran Terran
  • Spawn Location: 6:00

IA (Difícil)

  • Race: Terran Terran
  • Spawn Location: 3:00

IA (Difícil)

  • Race: Protoss Protoss
  • Spawn Location: 9:00

IA (Difícil)

  • Race: Zerg Zerg
  • Spawn Location: 7:00

IA (Difícil)

  • Race: Protoss Protoss
  • Spawn Location: 12:00

IA (Difícil)

  • Race: Zerg Zerg
  • Spawn Location: 11:00

IA (Difícil)

  • Race: Terran Terran
  • Spawn Location: 1:00

VOD

Have the link to the VOD?

Description

Time

  • Played on: April 11, 2020, 6:49 p.m.
  • Length: 38:53
Show
View Real Time Build Order
Export as new Build Order

MrFercho Zerg - Winner!

Build Orders: Hatch First 

Get SALT Encoding   

  12  0:04  Drone  
  13  0:13  Overlord  
  13  0:18  Drone  
  14  0:26  Extractor  
  14  0:27  Drone  
  14  0:34  Drone  
  15  0:48  Drone  
  16  0:58  Drone  
  16  1:02  Drone  
  18  1:18  Hatchery  
  18  1:24  Drone  
  18  1:25  Drone  
  19  1:33  Extractor  
  19  1:38  Drone  
  19  1:47  Spawning Pool  
  19  1:48  Drone  
  19  1:59  Drone  
  20  2:06  Drone  
  21  2:15  Drone  
  22  2:29  Overlord  
  22  2:35  Overlord  
  22  2:38  Metabolic Boost  
  22  2:43  Lair  
  22  2:47  Drone x2  
  24  3:00  Drone  
  24  3:01  Drone x2  
  27  3:11  Drone  
  27  3:12  Drone  
  29  3:17  Hatchery  
  28  3:28  Roach Warren  
  27  3:46  Drone  
  27  3:47  Drone x4  
  27  3:48  Drone  
  33  4:01  Evolution Chamber x2, Drone x2  
  33  4:03  Evolution Chamber  
  32  4:13  Infestation Pit  
  31  4:24  Roach  
  31  4:25  Roach x3  
  39  4:31  Zerg Melee Weapons Level 1  
  39  4:34  Zerg Missile Weapons Level 1  
  39  4:49  Zerg Ground Armor Level 1  
  39  5:09  Drone x9  
  39  5:13  Hatchery  
  47  6:08  Ravager x2  
  49  6:20  Hatchery  
  49  6:21  Hatchery  
  49  6:25  Hatchery  
  46  6:46  Zergling x2, Roach  
  49  6:47  Zergling x14  
  56  7:28  Overlord x2  
  56  7:29  Overlord x5  
  56  7:45  Zerg Missile Weapons Level 2, Zerg Melee Weapons Level 2  
  56  7:47  Zerg Ground Armor Level 2  
  56  8:21  Drone x7  
  56  8:22  Drone  
  64  9:18  Spine Crawler x2  
  64  9:22  Spine Crawler  
  61  9:26  Spine Crawler  
  61  9:30  Spore Crawler  
  61  9:31  Spore Crawler  
  58  9:39  Hydralisk Den  
  58  9:40  Spire  
  58  9:41  Spire  
  55  9:47  Hive  
  55  10:23  Glial Reconstitution  
  55  10:35  Queen  
  55  10:36  Queen x3  
  55  10:37  Queen  
  67  10:57  Queen  
  67  11:11  Queen  
  69  11:42  Tunneling Claws  
  69  11:44  Hatchery  
  69  11:46  Hatchery  
  67  11:48  Hatchery  
  67  11:49  Hatchery  
  65  12:15  Overseer  
  65  12:35  Pneumatized Carapace, Nydus Network  
  64  12:38  Burrow  
  64  12:51  Zerg Flyer Weapons Level 1  
  64  12:52  Zerg Flyer Armor Level 1  
  64  12:53  Zerg Melee Weapons Level 3  
  64  13:41  Hatchery  
  63  13:42  Hatchery  
  63  13:43  Hatchery  
  63  13:45  Hatchery  
  63  13:48  Hatchery  
  59  14:10  Queen  
  59  14:11  Queen x2  
  65  14:20  Drone x5  
  70  14:56  Adrenal Glands  
  70  15:00  Zerg Missile Weapons Level 3  
  70  15:57  Zerg Flyer Weapons Level 2, Zerg Flyer Armor Level 2  
  70  16:18  Hatchery  
  69  16:20  Extractor  
  68  16:49  Nydus Canal  
  68  17:00  Hydralisk x7  
  68  17:01  Hydralisk x2  
  82  17:03  Zergling x14  
  93  18:01  Drone x3  
  96  18:05  Queen  
  96  18:08  Overseer  
  98  18:28  Nydus Canal  
  98  18:41  Queen  
  100  19:17  Queen  
  102  19:52  Queen  
  70  20:41  Hydralisk x9  
  70  20:42  Hydralisk x4  
  88  20:43  Hydralisk x15  
  120  21:33  Drone  
  120  21:34  Drone x2  
  99  23:50  Nydus Canal  
  99  24:12  Drone x15  
  99  24:13  Drone x25  
  99  24:14  Drone x5  
  99  24:15  Drone x3  
  126  25:14  Hatchery  
  125  25:22  Unknown  
  125  25:26  Unknown  
  123  25:28  Unknown x2  
  121  25:36  Hatchery  
  120  26:52  Drone x3  
  123  26:58  Corruptor x4  
  123  26:59  Hydralisk x2  
  123  27:00  Hydralisk x2  
  139  27:01  Roach x2  
  139  27:02  Roach x5  
  139  27:03  Zergling x2, Roach x4  
  139  27:04  Zergling x10  
  139  27:05  Zergling x10  
  139  27:06  Zergling x16  
  139  27:07  Zergling x20  
  190  27:42  Greater Spire x2  
  190  27:47  Zerg Ground Armor Level 3  
  190  27:56  Grooved Spines  
  190  28:12  Ultralisk Cavern  
  189  28:17  Lurker Den  
  188  28:39  Drone x7  
  188  28:40  Drone x4  
  199  29:08  Muscular Augments, Overseer  
  199  29:51  Nydus Canal  
  186  31:49  Ultralisk x2  
  191  34:46  Overseer  
  191  34:54  Overseer  
  191  35:23  Nydus Canal  
  191  35:39  Nydus Canal  
  189  36:58  Hydralisk  
  189  36:59  Hydralisk x4  
  199  37:26  Nydus Canal  
  196  37:54  Overseer  
Show
View Real Time Build Order
Export as new Build Order

tigro Terran - Winner!

Build Orders:  

Get SALT Encoding   

  12  0:03  SCV  
  13  0:17  Supply Depot  
  13  0:18  SCV  
  14  0:30  SCV  
  14  0:32  Refinery  
  15  0:39  Refinery  
  15  0:52  Barracks  
  15  0:55  SCV  
  16  1:07  SCV  
  17  1:32  SCV  
  18  1:39  Marine  
  19  1:44  SCV  
  20  1:49  Barracks  
  20  1:57  Marine  
  21  2:03  Supply Depot  
  21  2:06  Orbital Command  
  21  2:15  Marine  
  22  2:32  SCV  
  22  2:33  Marine  
  24  2:38  Engineering Bay  
  24  2:41  Barracks Tech Lab  
  24  2:51  Marine  
  25  2:56  Factory  
  25  3:10  SCV  
  26  3:17  Barracks Tech Lab  
  26  3:19  Marauder  
  28  3:26  Combat Shield  
  28  3:41  Marauder  
  30  3:42  Factory Tech Lab  
  30  3:45  Concussive Shells  
  30  4:02  Marauder  
  32  4:06  Terran Infantry Weapons Level 1, Missile Turret  
  32  4:26  Marine  
  33  4:35  Starport  
  33  4:44  Marine  
  34  4:45  Stimpack  
  34  4:53  Marauder  
  36  5:02  Marine  
  31  5:15  Armory  
  31  5:16  Marine  
  25  5:26  Marine  
  23  5:33  Marine  
  22  5:44  Marine  
  18  5:51  Marine  
  17  6:00  Terran Infantry Armor Level 1  
  17  6:02  Marine  
  18  6:09  Marine  
  19  6:20  Marine  
  20  6:27  Marauder  
  20  6:31  SCV  
  23  6:37  Marine  
  24  6:43  SCV  
  25  6:49  Medivac, Marauder  
  29  6:55  SCV  
  29  6:56  Marauder  
  32  7:07  SCV  
  33  7:10  Marauder  
  35  7:17  Marauder  
  37  7:26  Missile Turret  
  37  7:34  Starport Tech Lab  
  37  8:26  Missile Turret  
  37  8:37  Thor  
  43  8:41  Terran Infantry Weapons Level 2  
  43  8:47  SCV  
  44  8:49  Fusion Core  
  44  9:00  SCV  
  45  9:12  SCV  
  44  9:35  Terran Vehicle Weapons Level 1  
  44  9:56  Factory  
  44  10:01  Corvid Reactor  
  44  10:09  SCV  
  45  10:18  Marine  
  46  10:36  Marine  
  46  10:38  Supply Depot  
  46  10:41  Starport  
  47  10:57  Terran Infantry Armor Level 2  
  47  10:59  Siege Tank  
  47  11:02  Factory Tech Lab  
  50  11:29  Terran Vehicle And Ship Armor Level 1  
  50  11:31  Siege Tank  
  53  12:19  Starport Tech Lab  
  53  12:35  Missile Turret  
  53  13:03  Weapon Refit  
  53  13:13  Hyperflight Rotors, Neosteel Armor  
  40  13:21  Marauder  
  40  13:23  Terran Ship Weapons Level 1  
  40  13:40  Marine  
  41  13:43  Marauder  
  43  13:48  Medivac  
  45  13:58  Marine  
  46  14:04  Marauder  
  48  14:15  Missile Turret  
  48  14:16  Marine  
  49  14:25  Marauder  
  51  14:33  Marine  
  52  14:40  Missile Turret  
  52  14:43  Rapid Reignition System  
  52  14:47  Marauder  
  52  14:51  Marine  
  55  14:53  Hi-Sec Auto Tracking  
  55  15:09  Marine  
  55  15:13  Cloaking Field, Marine  
  57  15:17  Terran Vehicle Weapons Level 2  
  57  15:27  Marine  
  57  15:28  Supply Depot  
  58  15:31  Marine  
  59  15:45  Marine  
  59  15:49  Marine  
  61  15:57  Command Center  
  61  16:02  Marine  
  62  16:06  Marine  
  62  16:07  Medivac  
  62  16:10  Battlecruiser  
  71  16:30  Marine  
  69  16:48  Marine  
  70  17:06  Marine  
  71  17:12  Planetary Fortress  
  71  17:18  Refinery  
  71  17:41  Missile Turret  
  71  17:55  Siege Tank  
  74  18:01  Missile Turret  
  74  18:17  Battlecruiser  
  74  18:19  Battlecruiser  
  86  18:21  Missile Turret  
  86  18:37  Siege Tank  
  89  19:30  Command Center  
  89  19:36  Terran Infantry Weapons Level 3  
  89  19:42  Advanced Ballistics  
  89  19:49  SCV  
  90  20:01  SCV  
  91  20:13  SCV  
  93  20:47  SCV  
  86  20:58  Supply Depot  
  86  20:59  SCV  
  85  21:18  Planetary Fortress  
  85  21:35  Command Center  
  85  21:36  Supply Depot  
  85  21:48  Battlecruiser  
  85  21:53  Battlecruiser  
  97  21:55  Marine  
  97  21:58  Marine  
  99  22:13  Marine  
  99  22:14  Terran Infantry Armor Level 3  
  100  22:15  Marine  
  101  22:31  Marine  
  101  22:33  Marine  
  103  22:48  Marine  
  104  22:51  Marine  
  105  23:06  Marine  
  105  23:09  Marine  
  107  23:23  Planetary Fortress  
  107  23:52  Missile Turret  
  104  25:13  Marine  
  105  25:17  Battlecruiser  
  105  25:19  Battlecruiser  
  117  25:24  Marine  
  118  25:31  Marine  
  119  25:42  Marine  
  119  25:49  Marine  
  121  26:00  Marine  
  122  26:06  Marine  
  123  26:18  Marine  
  124  26:21  Battlecruiser  
  124  26:23  Battlecruiser  
  124  26:24  Marine  
  137  26:26  Command Center  
  137  26:36  Marine  
  138  27:25  Raven  
  140  27:35  Command Center  
  140  27:37  Raven  
  140  27:39  Refinery  
  140  27:43  Supply Depot  
  142  28:07  Supply Depot  
  142  28:09  Battlecruiser  
  148  28:14  Planetary Fortress  
  148  28:20  SCV, Battlecruiser  
  155  28:30  Missile Turret  
  155  28:32  SCV  
  156  28:51  Planetary Fortress  
  156  28:58  Missile Turret  
  147  29:12  Raven  
  149  29:24  Battlecruiser  
  149  29:29  Missile Turret  
  155  29:52  SCV  
  156  30:04  SCV  
  157  30:09  Refinery  
  157  30:16  SCV  
  158  30:28  SCV  
  159  30:40  SCV  
  148  31:20  Command Center  
  148  31:32  Missile Turret  
  148  31:53  Battlecruiser  
  154  31:55  Battlecruiser  
  160  32:54  Planetary Fortress  
  160  32:57  Battlecruiser  
  166  32:59  Battlecruiser  
  172  33:07  Command Center  
  172  33:18  SCV  
  173  33:22  Command Center  
  173  33:31  SCV  
  174  33:43  SCV  
  175  33:55  SCV  
  172  34:03  Raven  
  172  34:07  SCV  
  173  34:27  SCV  
  174  34:39  SCV  
  174  34:42  Battlecruiser  
  181  34:46  Battlecruiser  
  181  34:51  SCV  
  188  34:59  Planetary Fortress  
  188  35:03  SCV  
  189  35:07  Missile Turret  
  189  35:15  SCV  
  190  35:22  Missile Turret  
  188  35:51  Battlecruiser  
  189  37:03  Battlecruiser  
Show
View Real Time Build Order
Export as new Build Order

IA (Difícil) Terran 

Build Orders:  

Get SALT Encoding   

  12  0:01  SCV  
  13  0:13  SCV  
  14  0:17  Supply Depot  
  14  0:25  SCV  
  15  0:39  SCV  
  16  0:45  Barracks  
  16  0:46  Refinery  
  16  0:51  SCV  
  17  1:03  SCV  
  18  1:15  SCV  
  18  1:16  Supply Depot  
  19  1:28  SCV  
  19  1:32  Marine  
  21  1:36  Barracks  
  21  1:41  Orbital Command  
  21  1:42  Refinery  
  21  1:51  Barracks Tech Lab  
  21  2:02  Supply Depot  
  21  2:09  Marine  
  22  2:26  Marine  
  22  2:27  Marine  
  24  2:34  Supply Depot  
  24  2:44  Marine  
  24  2:46  Marine  
  24  2:48  SCV  
  27  2:59  Engineering Bay  
  27  3:00  SCV  
  27  3:02  Marine  
  27  3:03  Marine  
  31  3:12  SCV  
  31  3:17  Supply Depot  
  31  3:20  Marauder  
  31  3:21  Marine  
  31  3:25  SCV  
  35  3:37  SCV  
  36  3:42  Marauder  
  38  3:49  SCV  
  39  4:03  Marauder  
  41  4:25  Marauder  
  43  5:10  Barracks Tech Lab  
  43  5:13  SCV, Stimpack, Marine  
  45  5:14  Terran Infantry Weapons Level 1  
  45  5:15  Factory  
  45  5:21  Factory  
  45  5:25  SCV, Missile Turret  
  45  5:27  Combat Shield  
  45  5:28  Supply Depot  
  46  5:31  Missile Turret  
  46  5:32  Marauder  
  46  5:34  Marauder  
  50  5:39  Barracks  
  50  5:40  SCV  
  48  5:44  Ghost Academy  
  48  5:52  Marine  
  48  5:54  Bunker, Marine  
  50  5:58  Factory Tech Lab  
  50  6:04  Starport  
  50  6:08  Starport  
  50  6:09  Factory Tech Lab  
  50  6:12  Ghost  
  52  6:22  Marine  
  50  6:29  Marine  
  46  6:41  Marine  
  46  6:42  Starport Tech Lab  
  46  6:44  Marine  
  46  6:46  Concussive Shells  
  48  6:48  Starport Tech Lab  
  48  6:52  Marine  
  48  7:00  Marine  
  47  7:01  Raven  
  47  7:07  Marine  
  50  7:08  Terran Infantry Armor Level 1  
  50  7:09  Raven  
  52  7:18  Marauder  
  54  7:25  Marauder  
  56  7:38  Sensor Tower  
  56  7:51  Armory  
  56  7:56  Barracks Reactor  
  56  8:24  SCV  
  56  9:12  Medivac, Reaper  
  56  9:13  Medivac  
  56  9:15  Supply Depot  
  60  9:19  Engineering Bay  
  60  9:37  Marine  
  61  9:39  Supply Depot  
  61  9:40  SCV  
  61  9:41  Marine  
  61  9:42  Medivac  
  61  9:43  Raven  
  61  9:45  Marine  
  55  9:49  Marine  
  56  9:55  Marine  
  56  9:59  Marine  
  58  10:03  Marine  
  59  10:07  Marine  
  59  10:13  Marine  
  61  10:14  Raven  
  61  10:17  Marine  
  61  10:21  Marine  
  58  10:24  Marine  
  53  10:30  Marine  
  53  10:34  Marine  
  53  10:39  Marine  
  53  10:42  Marine  
  54  10:49  Marauder  
  59  10:57  Marauder  
  59  11:01  Raven  
  61  11:10  Marauder  
  65  11:18  Marauder  
  65  11:24  Reaper  
  66  11:32  Marauder  
  68  11:47  Ghost  
  70  12:15  SCV  
  70  12:19  Terran Infantry Weapons Level 2  
  70  12:46  Siege Tank  
  70  12:49  Supply Depot  
  73  12:56  Viking  
  75  13:19  Siege Tank  
  67  13:25  Marine  
  58  13:30  Marine  
  56  13:42  Marine  
  56  13:47  Marine  
  55  13:51  Marine  
  56  13:56  Thor  
  62  14:11  Viking  
  64  14:50  Banshee  
  67  15:10  Medivac  
  69  15:33  Medivac  
  71  15:46  Medivac  
  73  16:10  Siege Tank  
  76  16:24  Marine  
  77  16:29  Marine  
  77  16:30  Supply Depot  
  78  16:33  Marine  
  78  16:37  Marine  
  80  16:42  Cyclone  
  80  16:47  Marauder  
  80  16:51  Marauder  
  72  16:55  Marine  
  72  17:00  Marine  
  73  17:05  SCV  
  73  17:08  Marine  
  74  17:12  Marine  
  74  17:13  Marine  
  74  17:14  Raven  
  78  17:17  Marine  
  79  17:25  Marine  
  80  17:30  Marine  
  80  17:32  Medivac  
  81  17:57  Medivac  
  80  18:28  Raven  
  80  18:34  Marauder  
  79  18:52  Medivac  
  60  19:28  Raven  
  62  19:51  Ghost  
  64  20:04  Hellion  
  61  20:07  SCV  
  61  20:08  Hellion  
  61  20:12  Viking  
  59  20:19  SCV  
  52  20:24  Bunker, Marine  
  52  20:26  Hellion, Refinery  
  52  20:29  Marine  
  52  20:31  SCV  
  52  20:43  SCV  
  52  20:44  Marine  
  52  20:45  Starport Tech Lab  
  49  20:55  SCV  
  48  21:07  SCV  
  48  21:11  Siege Tank  
  52  21:19  SCV  
  53  21:31  SCV  
  54  21:44  SCV  
  57  21:51  Hellion  
  56  21:56  SCV  
  56  22:01  Viking  
  50  22:05  Marauder  
  50  22:08  SCV  
  43  22:09  Marine  
  43  22:13  Marine  
  36  22:16  Barracks  
  36  22:18  Hellion  
  36  22:20  SCV  
  36  22:21  Hellion  
  32  22:28  Marine  
  25  22:32  SCV  
  25  22:35  Engineering Bay  
  24  22:43  Hellion  
  13  22:44  SCV, Engineering Bay  
  10  22:56  Barracks  
  9  22:59  Refinery  
  9  23:04  Hellion, Refinery  
  11  23:09  Marine  
  6  23:21  Supply Depot  
Show
View Real Time Build Order
Export as new Build Order

IA (Difícil) Protoss 

Build Orders:  

Get SALT Encoding   

  12  0:01  Probe  
  13  0:13  Probe  
  14  0:21  Pylon  
  14  0:25  Probe  
  15  0:35  Probe  
  16  0:43  Probe  
  17  0:51  Gateway  
  17  0:52  Probe  
  18  0:59  Pylon  
  18  1:01  Assimilator  
  18  1:09  Probe  
  19  1:21  Probe  
  20  1:33  Probe  
  20  1:39  Zealot, Gateway  
  23  1:40  Cybernetics Core  
  23  1:42  Assimilator  
  23  1:51  Probe  
  23  1:52  Pylon  
  24  2:02  Probe  
  25  2:13  Zealot  
  27  2:15  Warp Gate  
  27  2:19  Probe  
  27  2:23  Pylon  
  27  2:26  Adept  
  30  2:31  Probe  
  31  2:40  Adept  
  33  2:46  Probe  
  34  2:56  Stalker  
  36  2:58  Gateway  
  36  3:10  Stalker  
  38  3:19  Pylon  
  38  3:26  Stalker  
  40  3:32  Probe  
  41  3:35  Forge  
  41  3:40  Stalker  
  43  3:44  Probe  
  43  3:48  Protoss Ground Armor Level 1  
  44  3:51  Stalker  
  46  4:02  Pylon  
  46  4:06  Sentry  
  48  4:21  Zealot  
  50  4:36  Zealot  
  50  4:37  Pylon  
  52  4:51  Stalker  
  54  5:03  Twilight Council  
  54  5:06  Stalker  
  56  5:21  Stalker  
  56  5:23  Photon Cannon  
  58  5:31  Photon Cannon  
  58  5:36  Stalker  
  58  5:39  Pylon  
  58  5:42  Blink  
  60  5:46  Protoss Ground Weapons Level 1  
  60  5:51  Stalker  
  62  6:03  Forge  
  62  6:06  Robotics Facility  
  62  6:07  Stalker  
  64  6:22  Sentry  
  66  6:55  Observer  
  67  7:04  Stargate  
  67  7:12  Observer  
  68  8:53  Observer  
  68  9:26  Warp Prism  
  70  9:39  Templar Archives  
  70  9:44  Gateway  
  70  9:50  Robotics Facility  
  70  9:56  Stargate  
  70  10:00  Pylon  
  70  10:01  Stalker x2  
  70  10:02  Observer  
  71  10:15  High Templar  
  73  10:23  Warp Prism  
  73  10:25  High Templar  
  75  10:29  Pylon  
  75  10:34  High Templar  
  71  10:37  Warp Prism  
  73  10:43  High Templar  
  75  10:52  Archon  
  75  10:53  Archon  
  75  10:56  Zealot  
  73  11:11  High Templar  
  72  11:38  High Templar  
  74  11:52  Observer  
  75  12:21  High Templar  
  77  12:34  Probe  
  71  12:44  Sentry  
  57  12:53  Stalker  
  55  13:02  Observer  
  56  13:15  Observer  
  56  13:18  Zealot  
  59  13:22  Zealot  
  59  13:25  Zealot  
  63  13:30  Stalker  
  65  13:38  Stalker  
  67  13:42  Stalker  
  69  14:00  Sentry  
  71  14:19  Sentry  
  73  14:37  Void Ray  
  77  14:56  Stalker  
  79  15:05  Stalker  
  81  15:15  Stalker  
  82  15:29  Observer  
  83  15:37  Stalker  
  83  15:49  Zealot  
  73  15:50  Pylon  
  73  15:53  Stalker  
  67  15:58  Stalker  
  67  16:02  Zealot  
  69  16:09  Zealot  
  65  16:14  Zealot  
  65  16:18  Zealot  
  59  16:23  Sentry  
  61  16:30  Stalker  
  63  16:56  Robotics Bay  
  63  17:28  Stalker  
  63  17:34  Zealot  
  49  17:39  Zealot  
  49  17:44  Stalker  
  46  17:47  Observer  
  46  17:48  Disruptor  
  50  18:03  Observer  
  51  18:14  Stalker  
  53  18:23  Stalker  
  55  18:41  Sentry  
  58  18:55  Observer  
  58  19:05  Stalker  
  60  19:14  Stalker  
  62  19:23  Stalker  
  64  19:28  Zealot  
  61  19:32  Zealot  
  61  19:37  Observer  
  59  19:52  Zealot, Observer  
  62  19:55  Zealot  
  64  20:08  Sentry  
  66  20:27  Sentry  
  60  20:50  Stalker  
  60  20:53  Stalker  
  48  20:57  Zealot  
  48  21:01  Zealot  
  52  21:12  Stalker  
  52  21:16  Stalker  
  56  21:22  Sentry  
  58  21:50  High Templar  
  60  22:00  Immortal  
  65  22:23  Observer  
  65  22:32  Stalker  
  67  22:41  Stalker  
  63  22:46  Zealot  
  65  22:59  Sentry  
  67  23:09  Stalker  
  69  23:15  Adept  
  69  23:19  Zealot  
  73  23:23  Adept  
  79  23:50  Immortal  
  83  23:58  Immortal  
  83  24:13  Stalker  
  81  24:18  Zealot  
  81  24:22  Zealot  
  81  24:24  Observer  
  79  24:26  Zealot  
  74  24:36  Zealot  
  74  24:40  Stalker  
  74  24:41  Observer  
  67  24:59  Sentry  
  69  25:08  Stalker  
  71  25:27  Sentry  
  72  25:40  Observer  
  73  25:59  Immortal  
  77  26:04  Protoss Ground Weapons Level 2  
  75  26:36  Stalker  
  72  26:50  Observer  
  73  26:56  Zealot  
  73  26:59  Zealot  
  67  27:02  Zealot  
  67  27:05  Stalker  
  53  27:16  Zealot  
  53  27:18  Observer  
  53  27:19  Zealot  
  54  27:22  Adept  
  56  27:35  Sentry  
  58  27:50  Observer  
  59  27:59  Stalker  
  61  28:07  Stalker  
  63  28:17  Stalker  
  65  28:35  Sentry  
  65  28:40  Adept  
  69  28:59  Immortal  
  73  29:25  Colossus  
  79  29:59  Stalker  
  73  30:06  Stalker  
  63  30:11  Observer  
  63  30:12  Zealot  
  54  30:19  Zealot  
  56  30:26  Sentry  
  58  31:07  Fleet Beacon  
  58  31:42  Observer  
  58  31:52  Tempest  
  64  31:59  Stalker  
  66  32:07  Stalker  
  68  32:16  Stalker  
  70  32:35  Sentry  
  72  33:02  Disruptor  
  75  33:30  Disruptor  
  74  33:35  Zealot  
  74  33:41  Zealot  
  55  33:46  Stalker  
  47  33:54  Observer  
  48  34:02  Stalker  
  50  34:11  Stalker  
  52  34:30  Sentry  
  54  34:35  Zealot  
  52  34:39  Zealot  
  52  34:43  Stalker  
  38  34:53  Stalker  
  38  34:57  Zealot  
  39  35:01  Stalker  
  39  35:06  Zealot  
  39  35:07  Photon Cannon  
  38  35:11  Probe  
  38  35:13  Photon Cannon  
  16  35:24  Zealot  
  16  35:27  Zealot  
  7  35:38  Zealot  
  7  35:44  Stalker  
  7  35:48  Zealot  
  1  37:27  Nexus  
Show
View Real Time Build Order
Export as new Build Order

IA (Difícil) Zerg 

Build Orders: 1 Base Baneling Bust, Pool First 

Get SALT Encoding   

  12  0:01  Drone  
  13  0:12  Overlord  
  13  0:18  Drone  
  14  0:30  Drone  
  14  0:32  Drone  
  16  0:43  Spawning Pool  
  16  0:46  Drone  
  16  0:50  Drone  
  16  0:53  Extractor  
  16  0:56  Drone  
  17  1:06  Overlord  
  17  1:31  Zergling x2, Queen  
  17  1:32  Zergling x2  
  21  1:38  Roach Warren, Drone  
  21  1:45  Extractor  
  20  1:48  Baneling Nest  
  20  1:54  Drone  
  20  2:00  Drone  
  21  2:10  Drone  
  22  2:21  Zergling x2  
  23  2:31  Baneling  
  23  2:32  Drone  
  23  2:33  Baneling  
  24  2:40  Zergling x4  
  24  2:41  Zergling x2, Baneling  
  24  2:43  Overlord  
  27  2:54  Drone  
  28  3:05  Zergling x2  
  29  3:10  Zergling x4, Overlord  
  31  3:16  Baneling  
  31  3:17  Zergling x2  
  32  3:22  Baneling  
  32  3:27  Zergling x2  
  32  3:29  Baneling  
  33  3:38  Zergling x2, Evolution Chamber  
  33  3:42  Drone  
  33  3:44  Drone  
  33  3:46  Drone  
  36  3:50  Drone  
  37  4:01  Drone  
  38  4:11  Drone  
  38  4:15  Overlord  
  38  4:16  Drone  
  42  4:31  Roach  
  42  4:33  Evolution Chamber  
  41  4:39  Overlord  
  41  4:40  Lair  
  41  4:41  Roach  
  43  4:57  Ravager  
  43  4:58  Drone  
  45  5:03  Roach  
  45  5:06  Drone  
  48  5:09  Drone  
  42  5:14  Metabolic Boost  
  42  5:21  Zerg Melee Weapons Level 1  
  41  5:29  Zerg Ground Armor Level 1  
  41  5:41  Burrow  
  41  5:43  Hydralisk Den  
  41  5:44  Drone  
  41  5:47  Roach  
  40  5:57  Roach  
  41  6:07  Zergling x2  
  42  6:15  Hydralisk  
  42  6:17  Overseer  
  44  6:20  Spore Crawler  
  44  6:21  Drone  
  44  6:24  Spore Crawler  
  44  6:25  Hydralisk, Drone  
  44  6:27  Overseer  
  46  6:34  Hydralisk  
  48  6:44  Ravager  
  48  6:45  Roach  
  51  6:51  Queen  
  51  6:52  Spine Crawler  
  52  6:54  Drone  
  52  6:55  Hydralisk  
  52  6:58  Spine Crawler  
  52  6:59  Drone  
  55  7:06  Infestation Pit  
  55  7:07  Drone  
  55  7:15  Zerg Missile Weapons Level 1  
  55  7:16  Overseer  
  55  7:17  Overlord  
  55  7:31  Roach  
  55  7:39  Spire  
  55  7:41  Drone  
  54  7:44  Zergling x2  
  54  7:49  Overlord  
  47  7:54  Hydralisk  
  49  8:04  Roach  
  51  8:09  Overseer  
  51  8:13  Roach  
  53  8:22  Roach  
  55  8:46  Overlord, Hive  
  55  8:53  Roach  
  55  9:04  Zergling x2  
  37  9:59  Hydralisk  
  37  10:02  Ultralisk Cavern  
  38  10:10  Overseer  
  38  10:49  Ultralisk  
  44  10:58  Hydralisk  
  46  11:09  Overlord, Hydralisk  
  48  11:14  Overseer  
  48  11:19  Ultralisk  
  54  11:32  Pneumatized Carapace  
  54  11:55  Overseer  
  54  11:57  Hatchery  
  53  12:31  Mutalisk  
  53  12:32  Overlord  
  55  12:38  Mutalisk  
  57  12:50  Mutalisk  
  59  13:08  Corruptor  
  61  13:18  Drone  
  47  13:21  Drone  
  40  13:37  Greater Spire  
  40  14:40  Viper  
  43  14:50  Brood Lord  
  45  15:04  Corruptor  
  47  15:13  Overseer  
  47  15:16  Overlord  
  47  15:23  Overseer  
  47  15:45  Mutalisk  
  49  16:00  Roach  
  49  16:02  Overlord  
  51  16:05  Roach  
  51  16:10  Zergling x2  
  54  16:15  Hydralisk  
  52  16:32  Infestor  
  50  16:38  Roach  
  48  16:43  Roach  
  50  16:48  Roach  
  52  16:55  Hydralisk  
  54  17:04  Hydralisk  
  56  17:32  Infestor  
  58  18:09  Ultralisk  
  58  18:10  Overlord  
  64  18:15  Roach  
  66  18:20  Roach  
  68  18:28  Overlord, Roach  
  68  18:33  Roach  
  72  18:38  Roach  
  74  18:43  Hydralisk  
  76  18:49  Overlord  
  76  18:50  Hydralisk  
  78  18:59  Hydralisk  
  80  19:27  Infestor  
  80  19:28  Overlord  
  82  19:54  Infestor  
  84  20:31  Ultralisk  
  84  20:32  Overlord  
  90  20:45  Zergling x2  
  80  20:55  Hydralisk  
  60  21:04  Overseer  
  43  21:27  Ultralisk  
  49  22:04  Ultralisk  
  55  22:12  Hydralisk  
  57  22:21  Hydralisk  
  59  22:32  Overseer  
  59  23:09  Ultralisk  
  65  23:45  Ultralisk  
  71  23:55  Roach  
  73  24:00  Roach  
  75  24:03  Ultralisk  
  75  24:05  Roach  
  77  24:10  Overlord  
  77  24:11  Roach  
  77  24:16  Roach  
  81  24:29  Zergling x2  
  81  24:35  Infestor  
  81  24:36  Overlord  
  83  24:46  Hydralisk  
  53  24:54  Overseer  
  53  25:03  Overseer  
  53  25:12  Overlord, Hydralisk  
  55  25:21  Hydralisk  
  57  25:49  Infestor  
  59  26:17  Overlord, Corruptor  
  61  26:25  Zergling x2  
  61  26:52  Brood Lord  
  63  27:11  Viper  
  66  27:35  Overseer  
  66  27:40  Overlord, Roach  
  68  27:45  Roach  
  68  27:50  Roach  
  72  27:55  Roach  
  74  28:00  Overlord, Roach  
  76  28:07  Hydralisk  
  78  28:16  Hydralisk  
  80  28:53  Ultralisk  
  80  28:54  Overlord  
  85  29:00  Zergling x2  
  70  29:09  Overseer  
  45  29:40  Ultralisk  
  51  30:16  Overlord, Ultralisk  
  51  30:21  Zergling x2, Queen  
  54  30:25  Zergling x2  
  44  30:28  Zergling x2  
  44  30:29  Evolution Chamber  
  44  30:31  Hydralisk, Drone  
  44  30:34  Drone  
  40  30:36  Zergling x2  
  40  30:37  Drone  
  40  30:39  Drone  
  40  30:40  Zergling x2  
  40  30:41  Roach Warren  
  40  30:47  Spawning Pool  
  40  30:48  Drone  
  39  30:50  Mutalisk  
  32  31:24  Roach  
  30  31:31  Ultralisk  
  36  31:34  Zergling x2  
  37  31:50  Hydralisk Den, Drone  
  37  32:00  Roach  
  39  32:04  Roach  
  41  32:09  Zergling x2  
  41  32:13  Roach  
  43  32:17  Zergling x2  
  43  32:21  Roach  
  38  32:24  Zergling x2  
  38  32:25  Drone  
  38  32:27  Drone x2  
  38  32:28  Roach  
  36  32:31  Drone  
  36  32:32  Zergling x2  
  36  32:33  Drone  
  36  32:36  Roach, Drone  
  38  32:38  Drone  
  38  32:40  Roach, Drone  
  38  32:41  Drone  
  38  32:43  Drone  
  31  32:44  Zergling x2  
  31  32:45  Drone  
  31  32:46  Drone  
  31  32:47  Spine Crawler  
  31  32:48  Zergling x2, Drone  
  31  32:50  Drone  
  28  32:51  Roach  
  11  33:00  Zergling x2  
  5  33:10  Drone  
  3  33:21  Zergling x2  
Show
View Real Time Build Order
Export as new Build Order

IA (Difícil) Protoss 

Build Orders:  

Get SALT Encoding   

  12  0:01  Probe  
  13  0:13  Probe  
  14  0:19  Pylon  
  14  0:25  Probe  
  15  0:33  Probe  
  15  0:41  Probe  
  16  0:46  Assimilator  
  17  0:50  Gateway  
  17  0:51  Probe  
  18  1:00  Probe  
  18  1:03  Pylon  
  19  1:19  Probe  
  20  1:39  Zealot  
  22  1:40  Gateway  
  22  1:43  Cybernetics Core  
  22  1:44  Assimilator  
  22  1:58  Zealot  
  22  1:59  Pylon  
  24  2:21  Warp Gate  
  24  2:23  Zealot  
  26  2:35  Zealot  
  28  2:44  Pylon  
  28  2:50  Zealot  
  30  2:56  Zealot  
  32  3:17  Stalker  
  34  3:28  Probe  
  34  3:29  Stalker  
  34  3:30  Pylon  
  37  3:40  Probe  
  38  3:47  Stalker  
  40  3:51  Forge  
  40  3:52  Probe  
  41  3:59  Adept  
  43  4:04  Probe  
  44  4:12  Probe, Pylon  
  45  4:20  Probe  
  46  4:24  Zealot  
  48  4:38  Adept  
  50  5:11  Zealot  
  44  5:25  Zealot  
  46  5:38  Zealot  
  48  5:52  Zealot  
  50  6:38  Probe  
  50  6:42  Sentry  
  50  6:43  Protoss Ground Weapons Level 1  
  50  6:47  Probe, Gateway  
  53  6:51  Pylon, Adept  
  56  6:54  Photon Cannon  
  56  6:55  Photon Cannon  
  56  6:58  Robotics Facility  
  56  7:01  Stargate  
  56  7:05  Stalker  
  56  7:06  Forge  
  57  7:09  Probe, Twilight Council  
  57  7:13  Pylon  
  57  7:15  Stalker  
  60  7:29  Sentry  
  62  7:38  Stalker  
  62  7:39  Protoss Ground Armor Level 1  
  62  7:41  Blink  
  60  7:49  Stalker  
  47  7:51  Observer  
  47  7:58  Adept  
  49  8:07  Adept  
  52  8:13  Observer  
  52  8:17  Zealot  
  54  8:21  Probe  
  54  8:26  Zealot  
  56  8:36  Adept  
  58  9:00  Probe  
  58  9:24  Probe  
  58  9:34  Zealot  
  56  9:44  Adept  
  54  9:53  Zealot  
  56  10:02  Sentry  
  58  10:21  Void Ray  
  58  10:22  Stalker  
  58  10:27  Stalker  
  52  10:35  Immortal  
  48  10:39  Zealot  
  44  10:45  Stalker  
  44  10:46  Pylon  
  38  10:50  Zealot  
  38  10:59  Zealot  
  38  11:03  Void Ray  
  41  11:09  Zealot  
  36  11:13  Zealot  
  36  11:18  Immortal  
  41  11:21  Stalker  
  28  11:33  Zealot  
  26  11:44  Zealot  
  22  11:49  Zealot  
  15  12:00  Sentry  
  15  12:05  Zealot  
  11  12:08  Zealot  
  10  12:25  Stalker  
  5  13:32  Pylon  
  5  13:39  Nexus  
Show
View Real Time Build Order
Export as new Build Order

IA (Difícil) Zerg 

Build Orders: 1 Base Baneling Bust, Pool First 

Get SALT Encoding   

  12  0:01  Drone  
  13  0:12  Overlord  
  13  0:16  Drone  
  14  0:30  Drone  
  14  0:31  Drone  
  16  0:42  Spawning Pool  
  15  0:44  Drone  
  15  0:47  Drone  
  17  0:51  Extractor  
  17  0:55  Drone  
  17  1:05  Overlord  
  17  1:28  Queen  
  17  1:31  Zergling x4  
  21  1:35  Roach Warren  
  21  1:38  Drone  
  21  1:40  Extractor  
  21  1:44  Baneling Nest  
  19  1:49  Drone  
  20  1:59  Drone  
  21  2:10  Drone  
  22  2:21  Zergling x2  
  23  2:27  Baneling  
  23  2:29  Baneling  
  23  2:30  Baneling  
  23  2:31  Zergling x2  
  23  2:35  Zergling x2, Overlord, Drone  
  26  2:43  Zergling x2  
  27  2:54  Drone  
  28  3:04  Zergling x2  
  29  3:06  Zergling x2  
  29  3:07  Zergling x2, Overlord  
  29  3:11  Baneling  
  31  3:16  Zergling x2  
  31  3:17  Baneling  
  32  3:23  Baneling  
  32  3:27  Zergling x2  
  33  3:34  Evolution Chamber  
  32  3:37  Drone  
  32  3:39  Zergling x2, Drone  
  32  3:41  Drone  
  36  3:49  Drone  
  37  4:00  Drone  
  38  4:11  Drone  
  38  4:12  Overlord, Drone  
  40  4:28  Roach  
  40  4:29  Evolution Chamber  
  40  4:30  Drone  
  42  4:38  Roach  
  44  4:41  Overlord  
  44  4:43  Drone  
  45  4:46  Drone  
  45  4:48  Roach  
  45  4:52  Metabolic Boost  
  48  4:58  Lair  
  39  5:17  Zerg Melee Weapons Level 1  
  38  5:25  Zerg Ground Armor Level 1  
  38  5:51  Roach  
  38  5:55  Burrow  
  40  5:59  Hydralisk Den  
  40  6:01  Roach, Drone  
  40  6:03  Infestation Pit  
  41  6:05  Drone  
  42  6:11  Roach  
  44  6:24  Spore Crawler  
  43  6:25  Drone  
  43  6:28  Hydralisk  
  43  6:29  Spore Crawler  
  43  6:31  Drone  
  46  6:38  Hydralisk  
  48  6:49  Infestor  
  50  6:57  Spine Crawler  
  50  6:58  Drone  
  50  6:59  Infestor  
  52  7:04  Spine Crawler  
  52  7:05  Drone  
  52  7:06  Queen  
  52  7:08  Overlord  
  54  7:09  Infestor  
  54  7:11  Zerg Missile Weapons Level 1  
  54  7:14  Overseer  
  56  7:24  Overseer  
  56  8:02  Spire  
  56  8:03  Drone  
  56  8:36  Hydralisk  
  56  8:37  Pneumatized Carapace  
  57  8:52  Overseer  
  57  9:01  Roach  
  59  9:06  Roach  
  61  9:11  Overlord, Roach  
  61  9:15  Roach  
  65  9:23  Hydralisk  
  67  9:29  Zergling x2  
  67  9:32  Overlord  
  67  9:33  Overseer  
  53  9:43  Roach  
  49  9:46  Hydralisk  
  49  9:52  Roach  
  53  9:56  Roach  
  55  10:02  Roach  
  55  10:06  Roach  
  59  10:11  Roach  
  61  10:18  Hydralisk  
  63  10:28  Hydralisk  
  65  10:37  Hydralisk  
  65  10:41  Hatchery  
  65  10:42  Drone  
  67  11:05  Zerg Melee Weapons Level 2  
  67  11:46  Zerg Ground Armor Level 2  
  67  12:25  Hive  
  67  12:39  Zergling x2  
  61  13:39  Ultralisk Cavern  
  60  14:27  Ultralisk  
  66  14:33  Ultralisk  
  72  14:43  Overlord, Ultralisk  
  78  15:11  Overlord, Overseer  
  76  15:27  Roach  
  78  15:29  Drone  
  78  15:30  Roach  
  78  15:33  Ultralisk  
  79  15:39  Overlord  
  77  15:47  Overseer  
  73  15:50  Ravager  
  73  15:52  Roach  
  62  15:57  Roach  
  62  16:02  Zergling x2  
  58  16:05  Hydralisk  
  58  16:10  Roach  
  62  16:15  Roach  
  62  16:18  Ravager  
  47  16:19  Roach  
  47  16:22  Ravager  
  47  16:24  Roach  
  52  16:33  Hydralisk  
  54  16:41  Hydralisk  
  56  16:56  Roach  
  56  17:01  Roach  
  60  17:05  Roach  
  62  17:10  Roach  
  64  17:23  Ravager  
  64  17:29  Roach  
  66  17:32  Zergling x2  
  66  17:36  Roach  
  63  17:41  Hydralisk  
  65  17:48  Roach  
  65  17:50  Overlord  
  67  17:56  Overseer  
  67  18:15  Overlord, Ravager  
  70  18:20  Roach  
  70  18:28  Hydralisk  
  70  18:34  Zergling x4  
  73  18:35  Zergling x4, Overlord  
  76  18:54  Baneling  
  76  18:55  Zergling x2, Baneling  
  77  18:56  Mutalisk  
  79  19:14  Mutalisk  
  81  19:23  Zergling x2  
  81  19:27  Zergling x2  
  81  19:28  Zergling x2  
  81  19:29  Zergling x4  
  81  19:30  Zergling x2  
  63  19:33  Mutalisk  
  58  19:38  Baneling  
  58  19:40  Zergling x2  
  58  19:42  Baneling  
  54  20:01  Mutalisk  
  54  20:03  Overlord  
  56  20:18  Mutalisk  
  58  20:37  Mutalisk  
  60  20:48  Zergling x2  
  57  20:50  Zergling x2  
  57  20:55  Zergling x2  
  57  20:56  Zergling x2  
  57  20:57  Zergling x2, Baneling  
  57  20:58  Zergling x2, Baneling  
  57  20:59  Zergling x2, Baneling  
  57  21:00  Baneling  
  60  21:32  Viper  
  60  21:33  Overlord  
  63  22:15  Greater Spire  
  63  22:32  Corruptor  
  57  23:17  Overseer  
  57  23:26  Brood Lord  
  59  23:37  Corruptor  
  59  23:38  Overlord  
  61  24:11  Brood Lord  
  60  24:17  Zergling x2  
  56  24:24  Corruptor  
  46  24:57  Brood Lord  
  46  24:59  Corruptor  
  50  25:24  Roach  
  52  25:29  Roach  
  52  25:34  Hydralisk  
  56  25:46  Infestor  
  58  25:51  Roach  
  58  25:57  Roach  
  62  26:02  Roach  
  64  26:09  Hydralisk  
  66  26:18  Overlord, Hydralisk  
  66  26:24  Zergling x2  
  60  26:46  Infestor  
  58  27:13  Brood Lord  
  60  27:23  Overseer  
  60  27:27  Roach  
  62  27:32  Roach  
  64  27:37  Roach  
  64  27:43  Roach  
  68  27:48  Roach  
  70  27:55  Hydralisk  
  72  28:00  Overlord  
  72  28:04  Overseer  
  72  28:13  Hydralisk  
  74  28:22  Hydralisk  
  74  28:23  Overlord  
  76  28:50  Infestor  
  78  29:17  Infestor  
  80  29:46  Overlord, Corruptor  
  80  29:51  Zergling x4  
  84  29:55  Zergling x2  
  84  29:56  Zergling x2  
  84  29:58  Zergling x2  
  79  30:04  Zergling x2  
  79  30:05  Zergling x2  
  79  30:06  Zergling x4  
  77  30:07  Zergling x2  
  77  30:12  Baneling  
  77  30:13  Zergling x2  
  77  30:14  Baneling  
  77  30:19  Brood Lord  
  79  30:31  Mutalisk  
  81  30:49  Mutalisk  
  83  31:08  Mutalisk  
  85  31:13  Zergling x2, Baneling  
  85  31:18  Baneling  
  86  31:36  Mutalisk  
  88  31:54  Overlord, Mutalisk  
  90  32:13  Mutalisk  
  92  32:49  Viper  
  95  32:55  Zergling x2, Overlord, Baneling  
  96  32:59  Baneling  
  96  33:03  Zergling x2, Baneling  
  97  33:08  Baneling  
  92  33:35  Corruptor  
  81  34:08  Brood Lord  
  83  34:12  Corruptor  
  83  34:40  Infestor  
  77  35:07  Brood Lord  
  79  35:26  Corruptor  
  77  35:59  Brood Lord  
  79  36:12  Corruptor  
  81  36:58  Roach  
  83  37:17  Roach  
  83  37:21  Roach  
  87  37:23  Queen  
  87  37:24  Ravager  
  87  37:26  Roach  
  87  37:29  Zergling x2  
  76  37:32  Roach  
  76  37:35  Roach  
  72  37:37  Corruptor  
  74  37:50  Zergling x2  
  63  38:07  Roach  
  63  38:09  Roach  
  63  38:12  Hydralisk  
  64  38:17  Zergling x2  
  62  38:20  Zergling x2  
  62  38:21  Drone  
  62  38:22  Drone  
  62  38:24  Zergling x2  
  62  38:25  Spine Crawler  
  62  38:26  Drone  
  62  38:28  Drone  
  62  38:30  Drone  
  62  38:31  Drone  
  59  38:35  Drone  
  59  38:40  Drone  
  37  38:41  Drone  
Show
View Real Time Build Order
Export as new Build Order

IA (Difícil) Terran 

Build Orders:  

Get SALT Encoding   

  12  0:01  SCV  
  13  0:13  SCV  
  14  0:19  Supply Depot  
  14  0:25  SCV  
  15  0:41  SCV  
  16  0:47  Barracks  
  16  0:48  Refinery  
  16  0:53  SCV  
  17  1:05  SCV  
  18  1:17  SCV  
  19  1:19  Supply Depot  
  19  1:30  SCV  
  20  1:36  Marine  
  20  1:39  Barracks  
  21  1:42  Orbital Command  
  21  1:47  Refinery  
  21  1:55  Barracks Tech Lab  
  21  2:05  Supply Depot  
  21  2:13  Marine  
  22  2:31  Marine x2  
  24  2:39  Supply Depot  
  24  2:48  Marine  
  24  2:49  Marine  
  26  2:54  SCV  
  27  3:04  Engineering Bay  
  27  3:06  SCV, Marine  
  27  3:07  Marine  
  30  3:18  SCV  
  31  3:24  Marine  
  32  3:28  Supply Depot  
  32  3:30  SCV  
  33  3:42  SCV, Marauder  
  36  3:54  SCV  
  37  4:04  Marauder  
  39  4:25  Marauder  
  41  4:47  Marauder  
  43  5:01  Barracks Tech Lab  
  43  5:03  SCV, Stimpack  
  43  5:04  Terran Infantry Weapons Level 1, Factory  
  44  5:07  Factory  
  44  5:15  SCV  
  44  5:19  Concussive Shells  
  45  5:33  Missile Turret  
  45  5:40  Missile Turret, Marine  
  40  5:48  Factory Tech Lab  
  40  5:53  Starport  
  40  5:59  Starport  
  40  6:02  Combat Shield  
  40  6:03  Bunker, Factory Tech Lab  
  40  6:07  Cyclone  
  40  6:10  Barracks  
  43  6:23  Siege Tank  
  43  6:32  Starport Tech Lab  
  36  6:33  Marine  
  36  6:34  SCV  
  36  6:35  Starport Tech Lab  
  33  6:44  Marine  
  33  6:46  SCV  
  27  6:55  Marine  
  27  6:58  SCV  
  27  6:59  Terran Infantry Armor Level 1  
  28  7:06  Marine  
  29  7:11  SCV  
  30  7:18  Supply Depot, Marine  
  31  7:23  SCV  
  32  7:30  Marine  
  32  7:35  SCV  
  34  7:42  Marauder  
  36  7:47  SCV  
  37  7:53  Marauder  
  37  7:54  Raven  
  41  7:59  SCV  
  41  8:03  Cyclone  
  45  8:14  Marine  
  46  8:23  SCV  
  46  8:25  Viking  
  48  8:27  Armory  
  48  8:57  Raven  
  50  9:13  Reaper  
  50  9:15  Supply Depot, Marine  
  52  9:18  Marine  
  52  9:22  Thor  
  58  9:33  Medivac  
  58  9:34  Reaper  
  58  9:37  Marine  
  62  9:43  Supply Depot  
  62  9:45  Marine  
  45  9:54  Marine  
  46  10:02  Medivac, Marine  
  46  10:05  Marine  
  46  10:06  SCV  
  51  10:12  Marine  
  52  10:20  Marine  
  52  10:23  Medivac, Marine  
  52  10:30  Marine  
  53  10:38  Marine  
  53  10:41  Marine  
  55  10:48  Marine  
  56  10:54  Engineering Bay  
  56  10:56  Marine  
  57  10:59  Marine  
  57  11:03  Raven  
  60  11:06  Marine  
  61  11:14  Marauder  
  61  11:17  Marauder  
  65  11:21  Supply Depot  
  65  11:22  SCV  
  65  11:23  Marine  
  66  11:35  Marine  
  66  11:38  Reaper  
  68  11:41  Marine  
  69  11:53  Marauder  
  71  11:59  Reaper  
  72  12:02  Ghost Academy  
  72  12:11  Marauder  
  74  12:32  Siege Tank  
  74  12:35  Supply Depot, Ghost  
  79  12:46  Cyclone  
  82  13:09  Ghost  
  84  13:18  Marine  
  76  13:23  Marine  
  59  13:28  Medivac  
  59  13:36  Marine  
  59  13:37  Marine  
  59  13:40  Marine  
  54  13:50  Medivac  
  54  13:54  Marine  
  55  13:55  Marine  
  55  13:58  Marine  
  57  14:08  Medivac  
  59  14:12  Marine  
  59  14:14  Marauder  
  59  14:16  Marine  
  63  14:30  Marine  
  64  14:34  Marine  
  65  14:57  Raven  
  66  15:00  SCV  
  66  15:02  Marauder  
  66  15:06  Marauder  
  71  15:29  Siege Tank  
  74  15:48  Cyclone  
  68  16:48  Fusion Core  
  34  17:29  Medivac  
  36  17:38  Battlecruiser  
  42  17:50  Marine  
  37  17:53  Marine  
  35  17:58  SCV  
  35  17:59  Viking  
  35  18:02  Hellion  
  33  18:08  Marauder  
  33  18:09  Marine  
  33  18:10  SCV  
  28  18:13  Hellion  
  28  18:17  Marine  
  23  18:23  Hellion  
  20  18:29  Viking, Marine  
  20  18:32  Marine  
  20  18:33  Missile Turret  
  19  18:36  Marine  
  19  18:41  Hellion  
  17  18:44  Hellion  
  17  18:48  Marine  
  18  18:52  Marine  
  17  18:56  Marine  
  17  19:02  Hellion  
  19  19:05  Missile Turret  
  17  19:28  Missile Turret  
  17  19:32  Command Center  
  17  19:33  Marine  
  17  19:36  Marine  
  19  19:51  Marine  
  20  19:54  Marine  
  21  20:09  Marine  
  21  20:11  Marine  
  23  20:27  Marine  
  24  20:29  Marine  
  16  20:45  Orbital Command, Marine  
  16  20:47  Marine  
  12  21:03  Marine  
  13  21:05  Marine  
  13  21:11  SCV  
  15  21:20  Marine  
  15  21:23  SCV, Marine  
  18  21:35  SCV  
  18  21:38  Marine  
  20  21:40  Marine  
  21  21:47  SCV  
  22  21:56  Marine  
  22  21:58  Marine  
  22  21:59  SCV  
  25  22:11  SCV  
  25  22:14  Marine  
  27  22:16  Marine  
  28  22:23  SCV  
  29  22:35  SCV  
  30  22:47  SCV  
  31  22:55  Marine x2  
  33  23:00  SCV  
  34  23:12  SCV, Marine  
  35  23:13  Marine  
  37  23:24  SCV  
  38  23:30  Marine  
  38  23:31  Marine  
  40  23:36  SCV  
  41  23:48  SCV  
  41  23:49  Marauder, Barracks Tech Lab  
  43  24:00  SCV  
  44  24:07  Marine  
  45  24:10  Marauder  
  45  24:12  SCV  
  48  24:19  Raven  
  50  24:24  SCV  
  51  24:36  SCV  
  52  24:48  SCV  
  53  24:57  Raven  
  55  25:01  SCV  
  55  25:02  Marauder  
  60  25:07  Marauder  
  60  25:13  SCV  
  61  25:25  SCV  
  62  25:31  Ghost  
  64  25:37  SCV  
  65  25:49  SCV  
  65  25:50  Medivac  
  65  25:54  Barracks  
  67  26:01  SCV  
  68  26:10  Medivac  
  70  26:13  SCV  
  71  26:34  Siege Tank  
  74  26:52  Medivac  
  76  26:58  Marauder  
  69  27:02  Marauder  
  69  27:07  Marauder  
  60  27:17  SCV  
  60  27:19  Marine  
  61  27:23  Marine  
  61  27:28  Marine  
  61  27:29  SCV  
  64  27:37  Marine  
  64  27:41  SCV, Marine  
  67  27:45  Ghost  
  69  28:06  Raven  
  69  28:11  Marauder  
  73  28:16  Marauder  
  75  28:20  Marauder  
  77  28:43  Ghost  
  77  28:45  Supply Depot  
  79  29:07  Siege Tank  
  82  29:31  Siege Tank  
  82  29:35  Supply Depot  
  85  29:46  Viking  
  85  29:51  Widow Mine  
  85  30:33  Marine  
  77  30:37  Marine  
  77  30:42  Viking  
  80  30:48  Thor  
  80  30:52  SCV  
  79  31:01  Marine  
  72  31:06  Marine  
  72  31:10  Marine  
  53  31:18  Raven  
  53  31:19  Marine  
  53  31:23  Marine  
  55  31:28  Marine  
  56  31:55  Raven  
  58  32:22  Liberator  
  61  32:41  Medivac  
  67  33:13  Marauder  
  67  33:16  Marauder  
  67  33:18  Marine  
  70  33:27  Medivac  
  70  33:34  Marine  
  71  33:36  Ghost, Marine  
  71  33:38  Widow Mine  
  76  33:51  Marine  
  76  33:55  SCV, Medivac  
  79  34:00  Marine  
  72  34:05  Marine  
  72  34:09  Marine  
  55  34:18  Marine  
  55  34:23  Marine  
  51  34:27  Marine  
  52  34:31  Raven  
  52  34:36  Marine  
  55  34:41  Marine  
  56  35:08  Raven  
  58  35:32  Siege Tank  
  61  35:36  Widow Mine  
  63  35:49  Marine  
  60  35:50  SCV  
  60  35:52  Marine  
  36  36:02  SCV  
  28  36:07  Marine  
  19  36:14  SCV  
Tags
 
Add a new tag
Caveats
  • Supply blocks, unpowered buildings, or Contaminate may cause inaccurate times.
  • Supply counts are checked every 10 seconds.